 Dungeon Crawl Stone Soup version 0.28.0 (webtiles) character file.

Game seed: 6613178493613110422

64 randomguy2701 the Skirmisher (level 3, 0/30 HPs)
             Began as a Demonspawn Abyssal Knight on Feb 7, 2022.
             Was a Believer of Lugonu.
             Slain by a gnoll (4 damage)
             ... on level 1 of the Dungeon.
             The game lasted 00:11:56 (4763 turns).

randomguy2701 the Skirmisher (DsAK)                 Turns: 4763, Time: 00:11:57

Health: 0/30       AC:  3    Str: 15    XL:     3   Next: 91%
Magic:  4/4        EV: 11    Int: 11    God:    Lugonu [**....]
Gold:   100        SH:  0    Dex: 17    Spells: 2/2 levels left

rFire   . . .      SeeInvis .   a - +1 hand axe
rCold   . . .      Faith    .   (no shield)
rNeg    . . .      Spirit   .   b - +0 leather armour
rPois   .          Reflect  .   (no helmet)
rElec   .          Harm     .   (no cloak)
rCorr   .          Rampage  .   (no gloves)
Will    .....                   (no boots)
Stlth   ++++......              (no amulet)
HPRegen 0.10/turn               (no ring)
MPRegen 0.09/turn               (no ring)

@: no status effects
A: thin skeletal structure 2
a: Renounce Religion, Depart the Abyss, Bend Space


You were on level 1 of the Dungeon.
You worshipped Lugonu.
Lugonu was pleased with you.
You visited 1 branch of the dungeon, and saw 2 of its levels.
You visited the Abyss 1 time.

You collected 100 gold pieces.

Inventory:

Hand Weapons
 a - a +1 hand axe (weapon)
Missiles
 g - 17 arrows
Armour
 b - a +0 leather armour (worn)
Scrolls
 c - a scroll of blinking {unknown}
 j - a scroll of identify {unknown}
Potions
 d - a potion of degeneration {unknown}
 e - a potion of mutation {unknown}
 f - a potion of berserk rage {unknown}
 h - a potion of might {unknown}
 k - a potion of brilliance {unknown}


   Skills:
 + Level 3.7 Fighting
 + Level 2.6 Axes
 + Level 2.0 Armour
 * Level 1.3 Dodging
 + Level 0.6 Stealth
 + Level 2.5 Invocations


You had 2 spell levels left.
You didn't know any spells.
Your spell library contained the following spells:

 Spells                   Type           Power      Damage    Failure   Level
 Sting                    Tmut/Pois      0%         1d3       41%         1
 Poisonous Vapours        Pois/Air       0%         N/A       54%         2
 Ozocubu's Armour         Ice            0%         N/A       78%         3
 Olgreb's Toxic Radiance  Pois           0%         N/A       99%         4
 Ozocubu's Refrigeration  Ice            0%         4d5       100%        7


Dungeon Overview and Level Annotations

Branches:
Dungeon (2/15)

Altars:
Uskayaw

Annotations:
D:2 Sigmund


Innate Abilities, Weirdness & Mutations

You have a moderately thin skeletal structure. (Dex +4, Stealth++)


Message History

You are too injured to fight recklessly!
You are too injured to fight recklessly!
You are too injured to fight recklessly!
You are too injured to fight recklessly!
You are too injured to fight recklessly!
You are too injured to fight recklessly!
You are too injured to fight recklessly!
You are too injured to fight recklessly!
You are too injured to fight recklessly!
You are too injured to fight recklessly!
You are too injured to fight recklessly!
You are too injured to fight recklessly!
You are too injured to fight recklessly!
You are too injured to fight recklessly!
You are too injured to fight recklessly!
You are too injured to fight recklessly!
You are too injured to fight recklessly!
You are too injured to fight recklessly!
You are too injured to fight recklessly!
You are too injured to fight recklessly!
You barely miss the gnoll.
The gnoll is moderately wounded.
The gnoll barely misses you. The gnoll hits you with a +0 club.
You barely miss the gnoll.
The gnoll is moderately wounded.
The gnoll closely misses you.
You hit the gnoll.
The gnoll is heavily wounded.
The gnoll barely misses you.
You barely miss the gnoll.
The gnoll is heavily wounded.
The gnoll hits you with a +0 club.
* * * LOW HITPOINT WARNING * * *
You hit the gnoll.
The gnoll is severely wounded.
The gnoll closely misses you.
You barely miss the gnoll.
The gnoll is severely wounded.
The gnoll hits you with a +0 club.
You die...

#........#####.....####........#
#......####.#.......#.#####...>.
##########.............########.
####.#...............#.#####.
##.#.....................#.###
#.......................)...##
##.#.....................#.###
####.#......g........#.#### #
####.....@.......##### ###
##.#.......#.## #.# #..
####..)..#### #.# #.# ##...##
#####.###.# ##.## #..........
#.# #.........# #.# #.........#
#.# #.......... #.# #.........#


You could see a gnoll.

Vanquished Creatures
  A gnoll (D:1)
  3 worms (D:2)
  A dart slug (D:1)
  3 endoplasms
  2 giant cockroaches
  4 goblins
  4 hobgoblins
  4 quokkas (D:1)
  4 ball pythons
  4 bats
  4 frilled lizards
  5 kobolds
  5 rats
44 creatures vanquished.

Notes
Turn   | Place    | Note
-------+----------+-------------------------------------------
     0 | Abyss:1  | randomguy2701 the Demonspawn Abyssal Knight began the quest
                  | for the Orb.
     0 | Abyss:1  | Reached XP level 1. HP: 18/18 MP: 2/2
    10 | D:1      | Escaped the Abyss
   498 | D:1      | Found a faded altar of an unknown god.
   605 | D:1      | Reached skill level 1 in Dodging
   605 | D:1      | Gained mutation: You have a somewhat thin skeletal
                  | structure. (Dex +2, Stealth+) [demonic ancestry]
   605 | D:1      | Reached XP level 2. HP: 19/24 MP: 3/3
  2350 | D:2      | Gained mutation: You have a moderately thin skeletal
                  | structure. (Dex +4, Stealth++) [demonic ancestry]
  2350 | D:2      | Reached XP level 3. HP: 29/29 MP: 4/4
  2643 | D:2      | Found a hide-covered altar of Uskayaw.
  3171 | D:2      | Reached ** piety under Lugonu
  3295 | D:2      | Noticed Sigmund
  4232 | D:1      | HP: 1/30 [gnoll (7)]
  4763 | D:1      | Slain by a gnoll

Illustrated notes

Levels and vault maps discovered:
D:1:      lemuel_arrival_hallway, layout_basic,
          hellmonk_ecumenical_altar_pennies_from_heaven,
          nicolae_figureground_pulse
D:2:      layout_basic, basic_altar, uniq_sigmund

Skill      XL: |  1  2  3 |
---------------+----------+-----
Axes           | 2 |  2.6
Dodging        | 1 |  1.3
Armour         | 2 |  2.0
Fighting       | |  3.7
Stealth        | |  0.6
Invocations    | |  2.5

Action                   || total
-------------------------++-------
Melee: Hand axe          ||   146
       Punch             ||     1
  Use: Scroll            ||     1
 Stab: Sleeping          ||     6
Armor: Leather armour    ||    34
Dodge: Dodged            ||    95
